 Dungeon Crawl Stone Soup version 0.21-a0-440-g28109cb (webtiles) character file.

69794 theanonym the Unseen (level 14, 65/77 HPs)
             Began as a Spriggan Enchanter on Nov 11, 2017.
             Was an Elder of Dithmenos.
             Quit the game on level 2 of the Orcish Mines.
             The game lasted 02:31:52 (28902 turns).

theanonym the Unseen (Spriggan Enchanter)          Turns: 28902, Time: 02:31:52

Health: 65/77      AC:  9    Str:  4    XL:     14   Next: 91%
Magic:  29/29      EV: 33    Int: 16    God:    Dithmenos [****..]
Gold:   1385       SH:  0    Dex: 22    Spells: 3/33 levels left

rFire    . . .     SeeInvis +   S - +1 rapier (vamp)
rCold    . . .     Gourm    .   (shield restricted)
rNeg     + + .     Faith    .   E - +2 robe {MR+}
rPois    +         Spirit   .   B - +2 hat
rElec    .         Reflect  .   Y - +2 cloak
rCorr    .         Harm     .   (gloves unavailable)
MR       +++..                  (boots unavailable)
Stlth    ++++++++++             F - amulet of magic regeneration
HPRegen  0.22/turn              y - ring of stealth {Stlth+}
MPRegen  0.46/turn              z - ring of the Barracuda {rPois rN++}

@: shrouded, wreathed by umbra, drained, very quick
A: unfitting armour, see invisible, herbivore 3, speed 3, slow metabolism 2
a: Shadow Step, Renounce Religion


Innate Abilities, Weirdness & Mutations

You are very small and have problems with some larger weapons.
You are too small for most types of armour.
You have supernaturally acute eyesight. (SInv)
You are a herbivore.
You cover ground extremely quickly.
You need consume almost no food.


   Skills:
 - Level 10.0(9.4) Fighting
 - Level 10.0(9.4) Short Blades
 - Level 15.0(14.3) Dodging
 + Level 15.6(14.9) Stealth
 - Level 2.2(1.7) Shields
 - Level 10.0(9.4) Spellcasting
 - Level 15.0(14.3) Hexes
 - Level 5.0(4.5) Translocations
 + Level 6.1(5.5) Invocations


You had 3 spell levels left.
You knew the following spells:

 Your Spells              Type           Power        Failure   Level  Hunger
a - Corona                Hex            ######.      1%          1    None
b - Ensorcelled Hibernat  Hex/Ice        ####..       1%          2    None
c - Confuse               Hex            ######..     1%          3    None
d - Tukima's Dance        Hex            ######..     1%          3    None
e - Dazzling Spray        Conj/Hex       ####..       1%          3    None
f - Apportation           Tloc           ###...       1%          1    None
g - Gell's Gravitas       Tloc           ###.......   4%          3    None
h - Cause Fear            Hex            ######....   1%          4    ###....
i - Blink                 Tloc           N/A          2%          2    None
j - Teleport Other        Tloc           ###.....     4%          3    None
k - Shroud of Golubria    Chrm/Tloc      ##........   6%          2    None
r - Regeneration          Chrm/Necr      #.........   28%         3    None

Skill      XL: |  1  2  3  4  5  6  7  8  9 10 11 12 13 14 |
---------------+-------------------------------------------+-----
Short Blades   | 2 3 4 5 6 8 10 | 10.0
Spellcasting   | 3 4 6 8 10 | 10.0
Hexes          | 4 5 6 7 8 10 12 14 15 | 15.0
Stealth        | 5 9 10 12 14 15 | 15.6
Dodging        | 4 8 10 11 14 15 | 15.0
Fighting       | 4 6 7 9 10 | 10.0
Invocations    | 3 4 6 |  6.1
Translocations | 5 |  5.0
Shields        | 2 |  2.2

Action                   |  1- 3 |  4- 6 |  7- 9 | 10-12 | 13-15 || total
-------------------------+-------+-------+-------+-------+-------++-------
Melee: Dagger            |    66 |    68 |   265 |   375 |   334 ||  1108
       Rapier            |       |       |       |       |   232 ||   232
 Cast: Corona            |     5 |       |     2 |    15 |    21 ||    43
       Ensorcelled Hiber |     6 |    37 |   105 |   246 |   181 ||   575
       Confuse           |       |     1 |    29 |    63 |   112 ||   205
       Dazzling Spray    |       |       |     2 |     3 |     2 ||     7
       Apportation       |       |       |       |     3 |     1 ||     4
       Gell's Gravitas   |       |       |       |     4 |     1 ||     5
       Tukima's Dance    |       |       |       |       |    24 ||    24
       Shroud of Golubri |       |       |       |       |    14 ||    14
       Blink             |       |       |       |       |     3 ||     3
       Cause Fear        |       |       |       |       |     2 ||     2
       Teleport Other    |       |       |       |       |     1 ||     1
Invok: Shadow Step       |       |       |       |     9 |     8 ||    17
       Shadow Form       |       |       |       |       |     1 ||     1
 Abil: End Transformatio |       |       |       |       |     1 ||     1
  Use: Scroll            |     1 |     8 |     5 |     7 |    17 ||    38
       Potion            |       |       |     1 |     1 |     1 ||     3
 Stab: Sleeping          |    11 |    22 |    71 |   132 |   120 ||   356
       Confused          |       |     2 |    11 |    34 |    50 ||    97
       Distracted        |       |     1 |     1 |     2 |     6 ||    10
       Invisible         |       |       |     1 |       |       ||     1
  Eat: Bread ration      |       |     1 |     1 |     2 |     2 ||     6
       Fruit             |       |       |     4 |    10 |     6 ||    20
Armor: Robe              |     9 |     3 |    20 |     2 |    22 ||    56
       Troll leather arm |       |       |       |    18 |     4 ||    22
Dodge: Dodged            |    40 |    43 |   139 |   328 |   557 ||  1107

Inventory:

Hand Weapons
 k - a +1 dagger of holy wrath
   (You took it off an orc wizard on level 13 of the Dungeon)
 S - a +1 vampiric rapier (weapon)
   (You found it on level 3 of the Lair of Beasts)
 Z - a +0 dagger of speed
   (You took it off an orc wizard on level 1 of the Orcish Mines)
Missiles
 J - 3 throwing nets (quivered)
Armour
 B - a +2 hat (worn)
   (You acquired it on level 5 of the Lair of Beasts)
 C - a +0 buckler
   (You found it on level 7 of the Dungeon)
 E - a +2 robe of magic resistance (worn)
   (You took it off a wight on level 13 of the Dungeon)
 M - a +2 troll leather armour {Snorg}
   (You found it on level 5 of the Lair of Beasts)
 Y - a +2 cloak (worn)
   (You found it on level 1 of the Swamp)
Jewellery
 j - an uncursed ring of ice {rC+, rF-}
   (You found it on level 5 of the Lair of Beasts)
 n - an uncursed ring of resist corrosion
   (You found it on level 2 of the Dungeon)
 s - a +3 ring of slaying
   (You found it on level 2 of the Dungeon)
 w - an uncursed amulet of regeneration {+regen}
   (You found it on level 13 of the Dungeon)
 y - a ring of stealth (left hand) {Stlth+}
   (You found it on level 5 of the Dungeon)
 z - the ring of the Barracuda (right hand) {rPois rN++}
   (You found it in a labyrinth)

   [ring of poison resistance]

   It protects you from poison.
   It greatly protects you from negative energy.
 F - an amulet of magic regeneration (around neck)
   (You found it on level 8 of the Dungeon)
 P - an uncursed ring of fire {rF+, rC-}
   (You found it on level 1 of the Lair of Beasts)
Wands
 v - a wand of lightning (7/15)
   (You found it on level 3 of the Dungeon)
 T - a wand of polymorph (6/24)
   (You found it in an ice cave)
 W - a wand of confusion (23/48)
   (You found it on level 1 of the Swamp)
Scrolls
 b - a scroll of fear {!r}
 e - 5 scrolls of remove curse
 f - 3 scrolls of fog {!r}
 h - 2 scrolls of amnesia
 t - 10 scrolls of teleportation {!r}
 D - 4 scrolls of recharging
 H - 3 scrolls of enchant weapon
 I - 2 scrolls of magic mapping {!r}
 N - 2 scrolls of summoning
 R - 2 scrolls of blinking
Potions
 c - 7 potions of agility
 g - 8 potions of curing
 l - 8 potions of flight
 o - a potion of might {unknown}
 p - 3 potions of cancellation
 q - 3 potions of heal wounds
 x - 7 potions of invisibility
 G - a potion of mutation {unknown}
 K - 5 potions of brilliance
 L - 4 potions of haste
 U - a potion of resistance {unknown}
 X - a potion of ambrosia {unknown}
Books
 u - a book of Misfortune
   (You found it on level 5 of the Dungeon)

   Spells                             Type                      Level
   a - Confusing Touch                Hexes                        1
   b - Confuse                        Hexes                        3
   c - Gell's Gravitas                Translocation                3
   d - Petrify                        Transmutation/Earth          4
   e - Metabolic Englaciation         Hexes/Ice                    5
   f - Yara's Violent Unravelling     Hexes/Transmutation          5
 A - a book of Enchantments
   (You bought it in a shop on level 2 of the Orcish Mines)

   Spells                             Type                      Level
   a - Cause Fear                     Hexes                        4
   b - Yara's Violent Unravelling     Hexes/Transmutation          5
   c - Silence                        Hexes/Air                    5
   d - Deflect Missiles               Charms/Air                   6
   e - Discord                        Hexes                        8
 Q - a book of Spatial Translocations
   (You bought it in a shop on level 2 of the Orcish Mines)

   Spells                             Type                      Level
   a - Blink                          Translocation                2
   b - Shroud of Golubria             Charms/Translocation         2
   c - Lesser Beckoning               Translocation                3
   d - Gell's Gravitas                Translocation                3
   e - Teleport Other                 Translocation                3
   f - Passage of Golubria            Translocation                4
Miscellaneous
 r - a phial of floods
   (You found it on level 5 of the Lair of Beasts)
 O - 3 phantom mirrors
Comestibles
 d - 6 bread rations
 i - 11 royal jellies
 V - 3 fruits

Dungeon Overview and Level Annotations

Branches:
Dungeon (14/15)            Temple (1/1) D:7            Lair (6/6) D:11
  Swamp (1/4) Lair:3        Snake (1/4) Lair:2        Slime (0/5) Lair:5
    Orc (2/2) D:11            Elf (1/3) Orc:2        Vaults (0/5) D:14

Altars:
Ashenzari
Cheibriados
Dithmenos
Elyvilon
Fedhas
Gozag
Hepliaklqana
Kikubaaqudgha
Makhleb
Nemelex Xobeh
Okawaru
Qazlal
Ru
Sif Muna
Trog
Uskayaw
Vehumet
Wu Jian
Xom
Yredelemnul
Zin
The Shining One
Jiyva

Shops:
Orc:2 :*[!:

Annotations:
D:9 exclusion: 2 oklob plants
D:12 exclusion: door
D:13 exclusions: centaur and freezing wraith
D:14 Josephine
Lair:1 exclusion: oklob plant
Swamp:1 exclusion: oklob plant
Snake:1 Aizul


You were on level 2 of the Orcish Mines.
You worshipped Dithmenos.
Dithmenos was greatly pleased with you.
You were not hungry.

You visited 7 branches of the dungeon, and saw 26 of its levels.
You also visited: Labyrinth, Sewer, Ice Cave and Volcano.

You collected 2958 gold pieces.
You spent 1573 gold pieces at shops.


Message History

The poison arrow misses you.
Aizul coils herself and waves her upper body at you.
You are unaffected.
Aizul coils herself and waves her upper body at you.
The poison arrow hits you! You partially resist.
* * * LOW HITPOINT WARNING * * *
You emit a cloud of dark smoke.
You feel drained.
You take 2 damage, and have 23/77 hp.
You see here a war axe.
There is a staircase back to the Lair here.
You climb upwards.
Welcome back to the Lair of Beasts!
There is a staircase to the Snake Pit here.
You emerge from the shadows.
You start resting.
You regained 2 hp, and now have 26/77 hp.
MP restored: 29 You start resting.
Health restored: 77 Space distorts slightly along a thin shroud covering your body.
You now have 27/29 mp.
You climb downwards.
Welcome back to the Snake Pit!
This branch contains the serpentine rune of Zot.
Level annotation: Aizul
There is a staircase back to the Lair here.
Aim: Aizul (chance to defeat MR: 4%)
Okay, then.
You climb upwards.
Welcome back to the Lair of Beasts!
There is a staircase to the Snake Pit here.
MP restored: 29 Unknown command.
(D) Dungeon (T) Temple (L) Lair (S) Swamp (P) Snake Pit (M) Slime Pits (O) Orcish Mines (E) Elven Halls (V) Vaults
Where to? (Enter - Snake:1, ? - help)
What level of the Elven Halls? (default 1, ? - help)
Your shroud begins to fray at the edges.
There is a stone staircase leading up here.
You climb upwards.
Level annotation: exclusion: oklob plant
There is a stone staircase leading down here.
Your shroud unravels.
There is a staircase back to the Dungeon, spattered with blood here.
You climb upwards.
Welcome back to the Dungeon!
There is a staircase to the Lair here.
You see here an arrow.
You see here an arrow.
There is a staircase to the Orcish Mines here.
You climb downwards.
Welcome back to the Orcish Mines!
There is a staircase back to the Dungeon here.
There is a stone staircase leading down here.
You climb downwards.
There is a stone staircase leading up, spattered with blood here.
You see here a giant club.
You see here a giant club.
You see here a halberd.
You see here a whip of pain.
There is a staircase to the Elven Halls here.
You climb downwards.
Welcome to the Elven Halls!
There is a staircase back to the Mines here.
A dancing weapon, a deep elf knight and a deep elf mage come into view.
There is a long sword of draining.
Found 15 gold pieces.
The deep elf knight shouts!
The deep elf knight casts a spell.
The deep elf knight seems to speed up.
The deep elf mage shouts!
You hit the long sword of draining but do no damage.
The long sword of draining hits you but does no damage.
You partially resist.
You feel drained.
Space distorts slightly along a thin shroud covering your body.
Your shroud bends the long sword of draining's attack away!
You now have 27/29 mp.
You miss the long sword of draining. The long sword of draining misses you.
You miss the long sword of draining. The long sword of draining misses you.
The deep elf mage gestures wildly while chanting.
You hit the long sword of draining but do no damage.
The long sword of draining closely misses you.
The deep elf knight gestures wildly while chanting.
The deep elf knight flickers and vanishes for a moment.
You miss the long sword of draining. The long sword of draining hits you.
You partially resist.
You feel drained. The neqoxec gestures at you.
Something tries to feed on your intellect!
You take 3 damage, and have 74/77 hp.
MP restored: 29 You hit the long sword of draining but do no damage.
The long sword of draining barely misses you.
The neqoxec gestures.
You hit the long sword of draining but do no damage.
The long sword of draining completely misses you.
You miss the long sword of draining. The long sword of draining hits you!
You partially resist.
You feel drained.
You take 10 damage, and have 64/77 hp.
The deep elf mage points at you and mumbles some strange words.
The bolt of negative energy hits the long sword of draining.
The long sword of draining completely resists.
The bolt of negative energy misses you.
There is a staircase back to the Mines here.
You climb upwards.
Welcome back to the Orcish Mines!
There is a staircase to the Elven Halls here.

#...............)[...
##...#............[...
#................)....
#..........)...)......
#......<.......(<.....
#..............)....[.
##........)...).).....
##............)).....
#..@......)....[....
#................(..
#...........).......
#.....).)...))....#.
###.....[..)).)......
##...............#....
#...[.............##..
#
##......).............
##
##.....#....)........


There were no monsters in sight!

Notes
Turn   | Place    | Note
-------+----------+-------------------------------------------
     0 | D:1      | theanonym the Spriggan Enchanter began the quest for the Orb.
     0 | D:1      | Reached XP level 1. HP: 9/9 MP: 5/5
   183 | D:1      | HP: 4/9 [rat (3)]
   372 | D:1      | HP: 3/9 [hobgoblin/club (6)]
   679 | D:1      | Reached skill level 2 in Short Blades
   679 | D:1      | Reached skill level 3 in Spellcasting
   679 | D:1      | Reached XP level 2. HP: 13/13 MP: 7/7
  1371 | D:2      | HP: 6/13 [adder (3)]
  1381 | D:2      | HP: 5/13 [adder (1)]
  1591 | D:2      | Learned a level 2 spell: Ensorcelled Hibernation
  1760 | D:2      | Found a runed door.
  1806 | D:2      | theanonym: ??spen
  1806 | D:2      | beem: hyperbolic[1/4]: My 0.20 SpEn guide: SKILLS: Approximate goals are as follows: 1) 5 Short Blades, 8 Stealth. 2) 4 Spellcasting, 8 Hexes. 3) 3 Fighting, 8 Dodging. 4) 8 Short Blades, 12 Stealth. 5) 6 Fighting/Spellcasting, 10 Short Blades/Hexes, 15 Dodging/Stealth. 6) 10 Fighting, 27 Stealth, and whatever spell skills you want.
  1806 | D:2      | theanonym: ??spen[2
  1806 | D:2      | beem: hyperbolic[2/4]: SPELLS: Use Ensorcelled Hibernation when possible. Use Confuse against rC+ monsters or if you want a higher success chance. Other starting spells are decent but unnecessary. Invisibility is the best spell in the game if you find it. Other good spells include Deflect Missiles, Dispel Undead, Apportation, Blink, Passage of Golubria, Controlled Blink.
  1806 | D:2      | theanonym: ??spen[3
  1806 | D:2      | beem: hyperbolic[3/4]: GODS: Ideally you want a god who helps with hard-to-stab monsters. Some good choices: Kiku (pain melee, zombies), Dith (shadow step, shadow form), Jiyva (slimify), Lugonu (corruption, disto melee), Makhleb (greater demons), Ashenzari/Vehumet (conjurations).
  1806 | D:2      | theanonym: ??spen[4
  1806 | D:2      | beem: hyperbolic[4/4]: WEAPONS: Use short blades, stab high-HP monsters with a dagger. For regular melee, early on look for elec, draining, or venom weapons. Later look for a quick blade and/or pain brand a weapon with Kiku. Distortion is nice also. If you can't find a quick blade and want better melee, demon whips are reasonable. Oh, and get a buckler. STATS: Raise Int or Dex.
  1806 | D:2      | Reached XP level 3. HP: 16/16 MP: 5/8
  1941 | D:2      | Noticed Jessica
  1943 | D:2      | HP: 8/16 [Jessica/nerve-wracking pain (8)]
  1966 | D:2      | HP: 7/16 [goblin/stone (1)]
  2215 | D:2      | Killed Jessica
  2215 | D:2      | Reached skill level 3 in Short Blades
  2215 | D:2      | Reached skill level 4 in Hexes
  2215 | D:2      | Reached XP level 4. HP: 21/21 MP: 3/10
  2221 | D:2      | Learned a level 3 spell: Confuse
  2426 | D:2      | Found an iron altar of Okawaru.
  2497 | D:2      | Noticed Crazy Yiuf
  2504 | D:2      | Killed Crazy Yiuf
  2727 | D:3      | Reached skill level 4 in Short Blades
  3041 | D:3      | Reached XP level 5. HP: 24/24 MP: 11/11
  3197 | D:3      | Found a radiant altar of Vehumet.
  3203 | D:3      | Found an ancient bone altar of Kikubaaqudgha.
  3204 | D:3      | Found a deep blue altar of Sif Muna.
  3209 | D:3      | Identified Kikubaaqudgha's Catalogue of Unholy Rites
  3502 | D:4      | Noticed an ogre
  3741 | D:4      | Killed an ogre
  3741 | D:4      | Reached skill level 5 in Short Blades
  3741 | D:4      | Reached skill level 5 in Hexes
  3785 | D:4      | Reached XP level 6. HP: 28/28 MP: 7/12
  3853 | D:4      | Reached skill level 6 in Short Blades
  4237 | D:4      | Found an opulent altar of Gozag.
  4238 | D:4      | Found a hazy altar of Hepliaklqana.
  4310 | D:5      | Entered Level 5 of the Dungeon
  4684 | D:5      | Reached skill level 6 in Hexes
  4684 | D:5      | Reached XP level 7. HP: 32/32 MP: 13/13
  5133 | D:5      | Learned a level 3 spell: Tukima's Dance
  5137 | D:5      | Learned a level 3 spell: Dazzling Spray
  5165 | D:5      | Reached skill level 7 in Short Blades
  5475 | D:5      | Reached skill level 8 in Short Blades
  5590 | D:5      | Reached skill level 7 in Hexes
  5590 | D:5      | Reached XP level 8. HP: 36/36 MP: 11/14
  6691 | D:5      | Noticed Edmund
  6726 | D:5      | Killed Edmund
  6726 | D:5      | Reached skill level 9 in Short Blades
  6804 | D:5      | Found a burning altar of Makhleb.
  6805 | D:5      | Found a blossoming altar of Fedhas.
  7118 | D:6      | Reached skill level 8 in Hexes
  7182 | D:6      | Found a glowing drain.
  7232 | Sewer    | Entered a sewer
  8062 | D:6      | Reached skill level 10 in Short Blades
  8267 | D:6      | Reached skill level 5 in Stealth
  8324 | D:6      | Reached skill level 4 in Dodging
  8503 | D:6      | Reached XP level 9. HP: 36/39 MP: 12/15
  9003 | D:6      | Reached skill level 6 in Stealth
  9199 | D:7      | Found a staircase to the Ecumenical Temple.
  9210 | Temple   | Entered the Ecumenical Temple
  9319 | Temple   | Became a worshipper of Dithmenos the Shadowed
  9467 | D:7      | Reached skill level 5 in Dodging
  9510 | D:7      | Reached skill level 9 in Hexes
  9693 | D:7      | Reached skill level 7 in Stealth
  9700 | D:7      | Found a shimmering altar of Xom.
  9759 | D:7      | Reached skill level 6 in Dodging
 10402 | D:8      | Reached * piety under Dithmenos
 10599 | D:9      | Reached skill level 4 in Spellcasting
 10625 | D:9      | Noticed a two-headed ogre
 10648 | D:9      | Killed a two-headed ogre
 10648 | D:9      | Reached skill level 7 in Dodging
 10648 | D:9      | Reached skill level 9 in Stealth
 10648 | D:9      | Reached skill level 10 in Hexes
 10795 | D:9      | Reached skill level 8 in Dodging
 10847 | D:9      | Reached XP level 10. HP: 44/44 MP: 14/17
 11154 | D:9      | Found a blossoming altar of Fedhas.
 11156 | D:9      | Noticed an oklob plant
 11156 | D:9      | Noticed an oklob plant
 11286 | D:9      | Learned a level 1 spell: Apportation
 11404 | D:10     | Entered Level 10 of the Dungeon
 11923 | D:10     | Reached skill level 10 in Stealth
 12124 | D:10     | Reached skill level 1 in Fighting
 12155 | D:10     | Reached skill level 2 in Fighting
 12155 | D:10     | Reached skill level 11 in Hexes
 12279 | D:10     | Reached ** piety under Dithmenos
 12550 | D:11     | Noticed a seven-headed hydra
 12554 | D:11     | HP: 19/48 [seven-headed hydra (14)]
 12836 | D:11     | Found a staircase to the Lair.
 12850 | D:11     | Reached skill level 3 in Fighting
 12973 | D:11     | Reached skill level 1 in Invocations
 13213 | D:11     | Found a staircase to the Orcish Mines.
 13240 | D:11     | Reached skill level 2 in Invocations
 13363 | D:11     | Killed a seven-headed hydra
 13363 | D:11     | Reached skill level 4 in Fighting
 13363 | D:11     | Reached skill level 3 in Invocations
 13513 | D:11     | Noticed an eight-headed hydra
 13546 | D:11     | Reached skill level 12 in Hexes
 13546 | D:11     | Reached XP level 11. HP: 50/53 MP: 12/18
 13578 | D:11     | Killed an eight-headed hydra
 13718 | D:12     | Reached skill level 4 in Invocations
 14192 | D:12     | Noticed a two-headed ogre
 14198 | D:12     | Killed a two-headed ogre
 14198 | D:12     | Reached skill level 5 in Fighting
 14198 | D:12     | Reached skill level 5 in Spellcasting
 14331 | D:12     | Noticed a deep elf mage
 14333 | D:12     | Noticed Urug
 14385 | Lair:1   | Entered Level 1 of the Lair of Beasts
 14387 | Lair:1   | Found a frozen archway.
 14389 | Lair:1   | Noticed Sonja
 14401 | Lair:1   | Reached skill level 9 in Dodging
 14415 | Lair:1   | HP: 22/55 [asphyx]
 14418 | D:11     | HP: 7/55 [poisoned by Sonja (curare-tipped needle)]
 14428 | D:11     | HP: 13/55 [bullfrog (5)]
 14603 | Lair:1   | Killed Sonja
 14662 | Lair:1   | Reached skill level 11 in Stealth
 14856 | IceCv    | Entered an ice cave
 14909 | IceCv    | Reached skill level 10 in Dodging
 14940 | IceCv    | Reached *** piety under Dithmenos
 14997 | IceCv    | Noticed a white ugly thing
 15016 | IceCv    | Killed a white ugly thing
 15016 | IceCv    | Reached skill level 6 in Fighting
 15087 | Lair:1   | Reached skill level 12 in Stealth
 15159 | Lair:1   | Reached skill level 6 in Spellcasting
 15497 | Lair:1   | Noticed an oklob plant
 15961 | Lair:2   | Reached XP level 12. HP: 62/62 MP: 18/23
 15969 | Lair:2   | Reached skill level 7 in Spellcasting
 16049 | Lair:2   | Found a staircase to the Snake Pit.
 16093 | Lair:2   | Reached skill level 7 in Fighting
 16344 | Lair:2   | Found a dark tunnel.
 16422 | Volcano  | Entered a volcano
 16472 | Volcano  | Noticed Barriton's ghost (journeyman MiFi)
 17804 | Lair:4   | Reached skill level 13 in Stealth
 18170 | Lair:4   | Reached skill level 8 in Spellcasting
 18675 | Orc:1    | Entered Level 1 of the Orcish Mines
 18687 | Orc:1    | Learned a level 3 spell: Gell's Gravitas
 18721 | Orc:1    | Reached skill level 11 in Dodging
 18721 | Orc:1    | Reached skill level 1 in Translocations
 19093 | Orc:2    | Entered Level 2 of the Orcish Mines
 19095 | Orc:2    | Reached skill level 2 in Translocations
 19098 | Orc:2    | Found a staircase to the Elven Halls.
 19100 | Orc:2    | Noticed a stone giant
 19229 | D:12     | Killed Urug
 19256 | D:12     | Reached skill level 3 in Translocations
 19303 | D:12     | Reached skill level 14 in Stealth
 19393 | D:12     | Reached skill level 4 in Translocations
 20017 | D:13     | Noticed a centaur warrior
 20148 | D:13     | HP: 29/64 [centaur warrior/arrow (35)]
 20256 | D:12     | Killed a centaur warrior
 20256 | D:12     | Reached skill level 5 in Translocations
 20396 | D:13     | Noticed a centaur warrior
 20647 | D:13     | Reached XP level 13. HP: 68/68 MP: 23/26
 21015 | D:14     | Reached skill level 8 in Fighting
 21015 | D:14     | Reached skill level 15 in Stealth
 21061 | D:14     | Reached skill level 12 in Dodging
 21070 | D:14     | Found a labyrinth entrance.
 21070 | D:14     | Noticed Josephine
 21073 | Lab      | Entered a labyrinth
 21456 | Lab      | Noticed a minotaur
 21460 | Lab      | Killed a minotaur
 21465 | Lab      | Got a scintillating tin ring
 21468 | Lab      | Identified the ring of the Barracuda {rPois rN++} (You found it in a labyrinth)
 21475 | Lab      | Learned a level 3 spell: Regeneration
 21700 | D:14     | Reached skill level 13 in Hexes
 21718 | D:14     | Found a gate to the Vaults.
 22542 | Lair:5   | Found a staircase to the Slime Pits.
 22542 | Lair:5   | Found a viscous altar of Jiyva.
 22598 | Lair:5   | Noticed Snorg
 22603 | Lair:5   | Killed Snorg
 22603 | Lair:5   | Reached skill level 13 in Dodging
 22802 | Lair:5   | Identified 2 scrolls of acquirement
 22953 | Lair:5   | Found a runed door.
 23021 | Lair:5   | Reached skill level 9 in Fighting
 23430 | Lair:5   | Noticed an entropy weaver
 23437 | Lair:5   | Killed an entropy weaver
 23444 | Lair:5   | Noticed an entropy weaver
 23446 | Lair:5   | Reached **** piety under Dithmenos
 23452 | Lair:5   | HP: 34/70 [entropy weaver (5)]
 23490 | Lair:5   | HP: 29/70 [entropy weaver (10)]
 23497 | Lair:5   | Killed an entropy weaver
 23713 | Lair:5   | Noticed an entropy weaver
 23753 | Lair:5   | Killed an entropy weaver
 23753 | Lair:5   | Reached skill level 14 in Hexes
 23842 | Lair:5   | Reached skill level 14 in Dodging
 23855 | Lair:5   | Reached XP level 14. HP: 75/75 MP: 27/27
 23858 | Lair:5   | Noticed an entropy weaver
 23860 | Lair:5   | Killed an entropy weaver
 23978 | Lair:6   | Entered Level 6 of the Lair of Beasts
 24124 | Lair:6   | theanonym: ??corona
 24124 | Lair:6   | beem: corona[1/1]: Outlines the target in light, making them easier to hit (by boosting your to-hit randomly between 2 and 9). Makes invisible things (temporarily) visible. Tastes less pissy with a wedge of lime. Don't leave it in direct sunlight.
 24329 | Orc:2    | Killed a stone giant
 24458 | Orc:2    | Found Jowk's Book Shop.
 24504 | Orc:2    | Bought a book of Enchantments for 600 gold pieces
 24509 | Orc:2    | Learned a level 4 spell: Cause Fear
 24722 | Orc:2    | Found Ylal's Antique Armour Emporium.
 24722 | Orc:2    | Found Qoush's Distillery.
 24723 | Orc:2    | Found Hifudomnue's Book Boutique.
 24723 | Orc:2    | Found Huadwopu's General Store.
 24897 | Orc:2    | HP: 37/76 [ogre mage/bolt of lightning (39)]
 25468 | Orc:2    | Reached skill level 10 in Fighting
 25638 | Orc:2    | Reached skill level 15 in Dodging
 25638 | Orc:2    | Reached skill level 9 in Spellcasting
 25742 | Orc:2    | Bought a potion of agility for 60 gold pieces
 25744 | Orc:2    | Bought a book of Spatial Translocations for 845 gold pieces
 25747 | Orc:2    | Learned a level 2 spell: Blink
 25751 | Orc:2    | Learned a level 3 spell: Teleport Other
 25752 | Orc:2    | Bought a potion of agility for 68 gold pieces
 25969 | Lair:3   | Learned a level 2 spell: Shroud of Golubria
 25980 | Lair:3   | Reached ***** piety under Dithmenos
 26248 | Lair:3   | Reached skill level 15 in Hexes
 26534 | Lair:3   | Found a staircase to the Swamp.
 26566 | Lair:3   | Reached skill level 1 in Shields
 26799 | Lair:3   | theanonym: ??electric eel
 26799 | Lair:3   | beem: electric eel[1/3]: A troublesome fellow that likes to zap anyone who comes along, much to the chagrin of anyone lacking electricity resistance. Wise men say poly wands are most useful for this creature, as well as ice - as anyone who has dealt with waterborne creatures should know. Other wise men say to just avoid them.
 26799 | Lair:3   | theanonym: ??electric eel[2
 26799 | Lair:3   | beem: electric eel[2/3]: Bows of flame are highly effective at taking groups of these down as the steam provides very good cover.
 26799 | Lair:3   | theanonym: ??electric eel[3
 26799 | Lair:3   | beem: electric eel[3/3]: The lightning wakes up and attracts nearby mobs. Move towards them as soon as you see them, and you'll get adds.
 26799 | Lair:3   | theanonym: !lg * killer=electric_eel
 26799 | Lair:3   | beem: 22719. p15712 the Cleaver (L9 HOFi of Beogh), blasted by an electric eel (bolt of electricity) on D:6 (cheibrodos_two_vegetables) on 2017-11-11 17:06:46, with 1911 points after 5777 turns and 0:25:46.
 26799 | Lair:3   | theanonym: !lg * killer=electric_eel s=char
 26799 | Lair:3   | beem: 22719 games for * (killer=electric_eel): 2356x MiFi, 1995x MiBe, 912x FoFi, 669x HOFi, 593x SpEn, 534x DsFi, 486x VSFi, 474x TrMo, 393x DsGl, 314x DEWz, 306x DECj, 290x DsBe, 273x DDFi, 270x TrBe, 242x DrTm, 230x MiGl, 218x KoBe, 206x DEFE, 198x HOBe, 190x VSBe, 187x TrFi, 181x MfGl, 171x VpEn, 164x OpTm, 161x SpAs, 131x GhMo, 131x CeHu, 128x OgBe, 125x MiMo, 122x HuFi, 122x GrFi, 121x DsMo, 118...
 26853 | Swamp:1  | Entered Level 1 of the Swamp
 26863 | Swamp:1  | Reached skill level 10 in Spellcasting
 27150 | Swamp:1  | Reached skill level 2 in Shields
 27152 | Swamp:1  | Reached skill level 5 in Invocations
 27197 | Swamp:1  | theanonym: !lg * sp win s=god
 27197 | Swamp:1  | beem: 2032 games for * (sp win): 319x Dithmenos, 303x Ashenzari, 247x Okawaru, 196x Gozag, 140x Kikubaaqudgha, 126x Nemelex Xobeh, 123x Vehumet, 119x Trog, 83x Sif Muna, 67x Zin, 54x Jiyva, 48x Lugonu, 38x Makhleb, 28x Xom, 21x Ru, 17x, 17x Fedhas, 16x Yredelemnul, 15x The Shining One, 15x Cheibriados, 13x Pakellas, 11x Hepliaklqana, 7x Elyvilon, 3x Wu Jian, 3x Qazlal, 3x Uskayaw
 27197 | Swamp:1  | theanonym: !lg * sp win urune=3 s=god
 27197 | Swamp:1  | beem: 1183 games for * (sp win urune=3): 181x Dithmenos, 174x Ashenzari, 158x Okawaru, 126x Gozag, 87x Kikubaaqudgha, 77x Nemelex Xobeh, 76x Vehumet, 70x Trog, 41x Sif Muna, 29x Zin, 24x Jiyva, 21x Lugonu, 19x Makhleb, 16x Xom, 14x Ru, 14x Yredelemnul, 12x Fedhas, 12x Pakellas, 11x, 6x Hepliaklqana, 6x Cheibriados, 4x Elyvilon, 2x Wu Jian, 2x Qazlal, Uskayaw
 27197 | Swamp:1  | theanonym: !lg * spen win urune=3 god=dith -log
 27197 | Swamp:1  | beem: 133. RedSky, XL26 SpEn, T:132911: https://crawl.project357.org/morgue/RedSky/morgue-RedSky-20171108-092539.txt
 27197 | Swamp:1  | theanonym: !lg * spen win urune=3 god=dith -log xl=27
 27197 | Swamp:1  | beem: 38. Xeas, XL27 SpEn, T:126334: https://underhound.eu:81/crawl/morgue/Xeas/morgue-Xeas-20171022-135322.txt
 27239 | Swamp:1  | HP: 28/77 [spriggan rider/spear (13)]
 27989 | Swamp:1  | HP: 12/77 [shambling mangrove (39)]
 28346 | Lair:4   | Reached skill level 6 in Invocations
 28474 | Snake:1  | Entered Level 1 of the Snake Pit
 28496 | Snake:1  | Noticed Aizul
 28515 | Snake:1  | HP: 23/77 [Aizul (24)]
 28524 | Snake:1  | HP: 23/77 [Aizul/poison arrow (2)]
 28877 | Elf:1    | Entered Level 1 of the Elven Halls
 28902 | Orc:2    | Quit the game

Vanquished Creatures
  A stone giant (Orc:2)
  4 entropy weavers (Lair:5)
  Snorg (Lair:5)
  A minotaur (Lab)
  4 ogre magi (Orc:2)
  4 hydras
  2 ghost crabs (Lair:5)
  9 two-headed ogres
  2 centaur warriors
  An alligator (Swamp:1)
  Urug (D:12)
  A death yak (Lair:6)
  A spriggan (Lair:3)
  Sonja (Lair:1)
  A skeletal warrior (D:14)
  4 fire crabs (Lair:5)
  An unseen horror (D:13)
  A swamp dragon (Swamp:1)
  4 ugly things
  An orc knight (D:12)
  A mana viper (Snake:1)
  2 deep elf magi (D:12)
  2 manticores
  3 cyclopes
  An apocalypse crab (Lair:5)
  A centaur zombie (D:13)
  4 black mambas
  A torpor snail (Lair:4)
  10 spiny frogs
  6 komodo dragons
  A rime drake (Lair:6)
  A queen bee (Lair:3)
  6 trolls
  4 tyrant leeches (Swamp:1)
  A polar bear (Lair:3)
  8 slime creatures
  12 blink frogs
  3 dream sheep (Lair:4)
  3 hippogriffs
  3 hornets
  2 bog bodies (Swamp:1)
  3 shadows
  3 wyverns
  4 basilisks (Lair:3)
  19 yaks
  16 vampire mosquitoes
  3 swamp worms (Swamp:1)
  A warg (Orc:2)
  4 hungry ghosts (Lab)
  5 nagas
  Edmund (D:5)
  An acid dragon (D:12)
  8 water moccasins
  7 porcupines
  3 hell hounds
  A swamp drake (Swamp:1)
  9 ice beasts
  13 orc warriors
  2 sky beasts
  2 black bears
  3 phantoms
  25 ogres
  9 centaurs
  15 wolves
  5 crocodiles
  12 bullfrogs
  3 scorpions
  31 killer bees
  7 wights
  An electric eel (Lair:3)
  2 howler monkeys
  2 crimson imps
  2 bullfrog zombies
  3 jellies
  A quasit (D:14)
  11 hounds
  2 bullfrog skeletons
  5 orc priests
  Crazy Yiuf (D:2)
  15 orc wizards
  6 centaur skeletons
  4 iguanas
  Jessica (D:2)
  A hell rat (Lair:3)
  12 worker ants
  A howler monkey zombie (D:10)
  3 worker ant zombies
  7 gnolls
  14 adders
  2 river rats
  3 oozes (Sewer)
  An adder skeleton (D:9)
  7 worms
  2 dart slugs (D:4)
  4 leopard geckos
  58 orcs
  3 ball pythons
  7 bats
  7 giant cockroaches
  4 goblins
  12 hobgoblins
  10 jackals
  2 quokkas
  7 frilled lizards
  9 kobolds
  2 leopard gecko skeletons
  7 rats
  2 plants (Lab)
578 creatures vanquished.

Vanquished Creatures (collateral kills)
  3 two-headed ogres (Orc:2)
  2 ogres (Orc:2)
5 creatures vanquished.

Vanquished Creatures (others)
  5 dream sheep (D:7)
  A dancing weapon (Orc:2)
  A crimson imp (D:14)
  A jelly (D:7)
  5 fungi (Lair:6)
  A plant (Lair:1)
14 creatures vanquished.

Grand Total: 597 creatures vanquished
